 Dungeon Crawl Stone Soup version 0.29.1-15-g9cfb28693d (webtiles) character file.

Game seed: 2314347074534323301

76 Hugehornet the Ruffian (level 4, -2/38 HPs)
             Began as a Naga Transmuter on Mar 23, 2023.
             Slain by an orc
             ... wielding a +0 trident
              (6 damage)
             ... on level 3 of the Dungeon.
             The game lasted 00:04:21 (3472 turns).

Hugehornet the Ruffian (Naga Transmuter)            Turns: 3472, Time: 00:04:21

Health: -2/38      AC:  2    Str: 12    XL:     4   Next: 32%
Magic:  2/7        EV:  9    Int: 16    God:
Gold:   78         SH:  0    Dex: 11    Spells: 4/7 levels left

rFire   . . .      SeeInvis +     - Unarmed
rCold   . . .      Faith    .   (no shield)
rNeg    . . .      Spirit   .   a - +0 robe
rPois   +          Reflect  .   (helmet currently unavailable)
rElec   .          Harm     .   (no cloak)
rCorr   .          Rampage  .   (no gloves)
Will    .....                   (no barding)
Stlth   +.........              (no amulet)
HPRegen 0.12/turn               (no ring)
MPRegen 0.10/turn               (no ring)

@: appendages (expiring), wereblooded, very slightly contaminated, very slow
A: horns 2, AC +1, large, see invisible, deformed body, poison resistance,
slowness 2, spit poison 1, naga tail 1
a: Spit Poison, End Transformation


You were on level 3 of the Dungeon.
You had temporarily grown beastly horns.
You visited 1 branch of the dungeon, and saw 3 of its levels.

You collected 78 gold pieces.

Inventory:

Armour
 a - a +0 robe (worn)
Jewellery
 i - a ring of ice
Scrolls
 c - a scroll of amnesia {unknown}
 d - a scroll of immolation {unknown}
 f - a scroll of magic mapping {unknown}
 g - a scroll of enchant armour {unknown}
 h - 3 scrolls of vulnerability {unknown}
 k - 2 scrolls of identify {unknown}
Potions
 b - a potion of lignification
 e - a potion of resistance {unknown}
 j - a potion of curing {unknown}


   Skills:
 - Level 1.0 Fighting
 - Level 1.5 Dodging
 + Level 4.3 Unarmed Combat
 * Level 2.4 Spellcasting
 * Level 2.5 Transmutations


You had 4 spell levels left.
You knew the following spells:

 Your Spells              Type           Power      Damage    Failure   Level
a - Beastly Appendage     Tmut           20%        N/A       7%          1
b - Wereblood             Tmut           10%        N/A       11%         2

Your spell library contained the following spells:

 Spells                   Type           Power      Damage    Failure   Level
 Spider Form              Tmut/Pois      6%         N/A       34%         3
 Frozen Ramparts          Ice            2%         1d1       52%         3
 Ice Form                 Ice/Tmut       6%         N/A       75%         4
 Summon Ice Beast         Ice/Summ       1%         N/A       89%         4


Dungeon Overview and Level Annotations

Branches:
Dungeon (3/15)

Altars:
Uskayaw


Innate Abilities, Weirdness & Mutations

You have temporarily grown beastly horns.
Your serpentine skin is tough. (AC +1)
You have supernaturally acute eyesight. (SInv)
Armour fits poorly on your strangely shaped body.
Your system is resistant to poisons. (rPois)
You cover ground very slowly.
You can spit poison.
You have a snake-like lower body.


Message History

An orc comes into view. It is wielding a +0 falchion.
Casting: Beastly Appendage (safe; 7% risk of failure)
Confirm with . or Enter, or press ? or * to list all spells.
You miscast Beastly Appendage.
You are very lightly contaminated with residual magic.
Nothing appears to happen.
You see here a worm corpse.
Casting: Beastly Appendage (safe; 7% risk of failure)
Confirm with . or Enter, or press ? or * to list all spells.
You grow a pair of large bovine horns.
An orc comes into view. It is wielding a +0 whip.
An orc comes into view. It is wielding a +0 trident.
The orc closely misses you. The orc barely misses you.
You see here 5 stones.
The orc attacks as you move away! The orc hits you with a +0 falchion.
Your magical contamination has completely faded away.
The orc hits you from afar with a +0 trident.
You see here an amulet of magic regeneration.
Found an inky potion.
The orc attacks as you move away! The orc barely misses you.
The orc attacks as you move away! The orc closely misses you.
Your transformation is almost over.
The orc closely misses you. The orc attacks as you move away!
The orc hits you with a +0 falchion.
Casting: Beastly Appendage (safe; 7% risk of failure)
Confirm with . or Enter, or press ? or * to list all spells.
You miscast Wereblood.
You are very lightly contaminated with residual magic.
Nothing appears to happen.
Casting: Wereblood (safe; 11% risk of failure)
Confirm with . or Enter, or press ? or * to list all spells.
Your blood is infused with primal strength.
The orc hits you from afar with a +0 trident.
Casting: Wereblood (safe; 11% risk of failure)
Confirm with . or Enter, or press ? or * to list all spells.
You miscast Beastly Appendage.
Nothing appears to happen.
The orc hits you from afar with a +0 trident!
* * * LOW HITPOINT WARNING * * *
The orc hits you from afar with a +0 trident.
You die...

#.# ##...## #.#.#
##.#########..##
..#.#
..............######
#.#.#
##.#########.......#
...(†...# #.#####.#
........## #........
######...# #######.#
##(((##."#########.#
#.#(#(#.....ooo.@..#
...#((#.....#####..#
#.#.#(#:.##.# ..#
##...##...#... ....
######...#..###
.###. ........###.#
.. # #.#..## #.# #.
!#. #.# .


You could see 3 orcs.

Vanquished Creatures
  An adder (D:3)
  3 worms
  2 dart slugs
  4 ball pythons
  5 endoplasms
  5 giant cockroaches
  6 goblins
  5 hobgoblins
  3 jackals (D:2)
  3 quokkas
  5 bats
  4 frilled lizards
  3 rats
49 creatures vanquished.

Notes
Turn   | Place    | Note
-------+----------+-------------------------------------------
     0 | D:1      | Hugehornet the Naga Transmuter began the quest for the Orb.
     0 | D:1      | Reached XP level 1. HP: 18/18 MP: 3/3
   443 | D:1      | Reached XP level 2. HP: 25/25 MP: 3/5
   943 | D:1      | Reached skill level 4 in Unarmed Combat
  1365 | D:1      | Reached XP level 3. HP: 22/31 MP: 4/6
  2003 | D:1      | Learned a level 2 spell: Wereblood
  3070 | D:2      | Reached XP level 4. HP: 38/38 MP: 5/7
  3355 | D:3      | Noticed a +0 falchion
  3355 | D:3      | Noticed a +0 spear
  3355 | D:3      | Noticed a +0 falchion
  3356 | D:3      | Noticed a +0 short sword
  3357 | D:3      | Noticed a +0 dagger
  3359 | D:3      | Noticed a +0 short sword
  3364 | D:3      | Noticed a +0 spear
  3366 | D:3      | Noticed a +0 dagger
  3371 | D:3      | Found a hide-covered altar of Uskayaw.
  3472 | D:3      | Slain by an orc

Illustrated notes

Levels and vault maps discovered:
D:1:      dpeg_arrival_castle, layout_loops_corners
D:2:      layout_loops_cross
D:3:      layout_loops_ring, nicolae_uskayaw_en_pointe,
          hellmonk_ecumenical_altar_run_dry,
          wander_ebering_terrifying_dragon_lair

Skill      XL: |  1  2 |
---------------+-------+-----
Unarmed Combat | 4 |  4.3
Fighting       | |  1.0
Dodging        | |  1.5
Spellcasting   | |  2.4
Transmutations | |  2.5

Action                   |  1- 3 |  4- 6 || total
-------------------------+-------+-------++-------
Melee: Unarmed           |   150 |    26 ||   176
       Headbutt          |    18 |     6 ||    24
       Punch             |     6 |     2 ||     8
 Cast: Beastly Appendage |    32 |     7 ||    39
       Wereblood         |     1 |     1 ||     2
 Stab: Sleeping          |     1 |       ||     1
Armor: Robe              |    23 |     8 ||    31
Dodge: Dodged            |    69 |    12 ||    81
